 Dungeon Crawl Stone Soup version 0.17-a0-2072-g8d4e3f9 (webtiles) character file.

119 Blightor the Shield-Bearer (level 5, -1/42 HPs)
             Began as a Formicid Fighter on Oct 14, 2015.
             Was an Initiate of Fedhas.
             Slain by a worker ant (5 damage)
             ... on level 4 of the Dungeon.
             The game lasted 00:04:02 (1945 turns).

Blightor the Shield-Bearer (Formicid Fighter)       Turns: 1945, Time: 00:04:02

Health: -1/42      AC:  7    Str: 22    XL:     5   Next: 24%
Magic:  5/5        EV:  9    Int:  7    God:    Fedhas [......]
Gold:   51         SH: 10    Dex: 10    Spells: 0 memorised, 4 levels left

rFire  . . .     SeeInvis +     a - +0 long sword
rCold  . . .     Clarity  .     b - +0 scale mail
rNeg   . . .     SustAt   .     c - +0 shield
rPois  .         Gourm    .     (helmet unavailable)
rElec  .         Spirit   .     (no cloak)
rCorr  .         Warding  .     (no gloves)
rMut   .         Stasis   +     (no boots)
MR     .....                    (no amulet)
Stlth  ..........               (no ring)
                                (no ring)

@: lethally poisoned (-1 -> -8), not resistant to hostile enchantments,
extremely unstealthy
A: permanent stasis, dig shafts and tunnels, four strong arms, antennae 3
a: Dig, Shaft Self, Renounce Religion


You were on level 4 of the Dungeon.
You worshipped Fedhas.
Fedhas was noncommittal.
You were not hungry.

You visited 1 branch of the dungeon, and saw 3 of its levels.

You collected 51 gold pieces.

Inventory:

Hand Weapons
 a - a +0 long sword (weapon)
Missiles
 f - 47 bolts
Armour
 b - a +0 scale mail (worn)
 c - a +0 shield (worn)
Scrolls
 i - a scroll of remove curse {unknown}
 k - a scroll of amnesia {unknown}
 l - 2 scrolls of enchant armour {unknown}
 m - a scroll of blinking {unknown}
 o - a scroll of identify {unknown}
Potions
 d - a potion of might
 h - 4 potions of cancellation {unknown}
 j - a potion of flight {unknown}
 n - a potion of curing {unknown}
Comestibles
 e - 2 bread rations
 g - a royal jelly


   Skills:
 + Level 3.8 Fighting
 + Level 2.5 Long Blades
 + Level 4.0 Armour
 + Level 1.5 Dodging
 + Level 4.8 Shields


You had 4 spell levels left.
You didn't know any spells.

Dungeon Overview and Level Annotations

Branches:
Dungeon (4/15)
 Temple: D:4-7

Altars:
Fedhas


Innate Abilities, Weirdness & Mutations

You are under a permanent stasis effect.
You can dig through walls and to a lower floor.
Your four strong arms can wield two-handed weapons with a shield.
You have a pair of large antennae on your head (SInv).


Message History

* * * LOW HITPOINT WARNING * * *
You feel sick.
The ball python bites you but does no damage.
* * * LOW HITPOINT WARNING * * *
The ball python constricts you. The worker ant bites you.
* * * LOW HITPOINT WARNING * * *
You block the ball python's attack.
* * * LOW HITPOINT WARNING * * *
The ball python constricts you.
You hit the ball python.
You kill the ball python!
* * * LOW HITPOINT WARNING * * *
You feel sick. The worker ant closely misses you.
The worker ant barely misses you.
You closely miss the worker ant.
The worker ant is moderately wounded.
* * * LOW HITPOINT WARNING * * *
You feel sick. The worker ant bites you.
You die...
Fedhas appreciates your contribution to the ecosystem.

.#. .###... ... ...#... ..#
.#..... .. ..##.......
..### .......... .....
.........
.....#####........
...#....@a........
.............##.##
#..............>####.##
###..................... #
###........#..........
....#####.###..............
#........###.#...........
######...................
#..##...............


You could see a worker ant.

Vanquished Creatures
  2 hounds (D:4)
  A worker ant (D:4)
  4 giant geckos
  4 bats (D:1)
  2 giant cockroaches
  4 goblins (D:1)
  5 hobgoblins (D:1)
  5 kobolds
  2 ball pythons
  A giant gecko skeleton (D:4)
  2 giant newts (D:1)
  3 jackals (D:1)
  4 rats (D:1)
39 creatures vanquished.

Notes
Turn   | Place    | Note
--------------------------------------------------------------
     0 | D:1      | Blightor the Formicid Fighter began the quest for the Orb.
     0 | D:1      | Reached XP level 1. HP: 18/18 MP: 1/1
   201 | D:1      | Reached XP level 2. HP: 17/24 MP: 2/2
   287 | D:1      | Reached skill level 4 in Shields
   308 | D:1      | Reached XP level 3. HP: 16/29 MP: 3/3
  1200 | D:2      | Found a blossoming altar of Fedhas.
  1405 | D:2      | Became a worshipper of Fedhas Madash
  1424 | D:2      | You fall through a shaft for 2 floors!
  1485 | D:4      | Reached skill level 1 in Dodging
  1485 | D:4      | Reached XP level 4. HP: 18/36 MP: 4/4
  1487 | D:4      | Reached XP level 5. HP: 21/42 MP: 5/5
  1945 | D:4      | Slain by a worker ant

Vault maps used:
D:1:      minmay_arrival_jagged, st_stairs_4, minmay_box_of_dots
D:2:      lemuel_doored_altar, first_bread, corexii_leaking_fountain,
          hangedman_feature_mirror, fedhas_altar_3

Action                   |  1- 3 |  4- 6 || total
-------------------------+-------+-------++-------
Melee: Long sword        |   134 |    21 ||   155
 Abil: Shaft Self        |     1 |       ||     1
 Stab: Distracted        |       |     1 ||     1
  Eat: Bread ration      |     1 |       ||     1
